 Dungeon Crawl Stone Soup version 0.30-a0-883-g5ad918d77d (webtiles) character file.

Game seed: 14417681927655860202

249 MachoJfn the Chopper (level 5, 0/41 HPs)
             Began as a Demonspawn Gladiator on Mar 8, 2023.
             Was an Initiate of Kikubaaqudgha.
             Slain by a lemure (7 damage)
             ... led by Pikel
             ... on level 4 of the Dungeon on Mar 17, 2023.
             The game lasted 00:11:28 (2641 turns).

MachoJfn the Chopper (Demonspawn Gladiator)         Turns: 2641, Time: 00:11:28

Health: 0/41       AC: 14    Str: 17      XL:     5   Next: 87%
Magic:  5/5        EV:  8    Int:  9      God:    Kikubaaqudgha [......]
Gold:   158        SH:  0    Dex: 13 (14) Spells: 4/4 levels left

rFire   . . .      SeeInvis .    a - +1 war axe (freeze)
rCold   . . .      Faith    .    (no shield)
rNeg    . . .      Spirit   .    f - +0 chain mail
rPois   .          Reflect  .    c - +1 helmet
rElec   .          Rampage  .    (no cloak)
rCorr   .                        (no gloves)
Will    .....                    o - +0 pair of boots Stlth
                                 (no amulet)
HPRegen 0.26/turn                (no ring)
MPRegen 0.09/turn                (no ring)

@: slowed, very slow
A: icy blue scales 2, powered by pain 1, wild magic 2, devolution 1
a: Renounce Religion


You were on level 4 of the Dungeon.
You worshipped Kikubaaqudgha.
Kikubaaqudgha was noncommittal.
You visited 1 branch of the dungeon, and saw 4 of its levels.

You collected 158 gold pieces.

Inventory:

Hand Weapons
 a - a +1 war axe of freezing (weapon)
Missiles
 d - 3 throwing nets
 e - a javelin
 g - 12 poisoned darts (quivered)
Armour
 c - a +1 helmet (worn)
 f - a +0 chain mail (worn)
 o - a +0 pair of boots (worn)
Wands
 k - a wand of roots (12)
 n - a wand of polymorph (2)
Scrolls
 b - a scroll of magic mapping {unknown}
 i - 2 scrolls of identify
 j - a scroll of teleportation
 m - a scroll of amnesia
Potions
 p - a potion of brilliance


   Skills:
 + Level 3.0 Fighting
 + Level 4.4 Axes
 + Level 1.9 Throwing
 + Level 2.1 Armour
 + Level 3.5 Dodging
 + Level 0.2 Stealth


You had 4 spell levels left.
You didn't know any spells.
Your spell library contained the following spells:

 Spells                   Type           Power      Damage    Failure   Level
 Necrotise                Necr           0%         1d4       100%        1
 Vampiric Draining        Necr           0%         2d6       100%        3
 Agony                    Necr           0%         N/A       100%        5


Dungeon Overview and Level Annotations

Branches:
Dungeon (4/15)
 Temple: D:4-7

Altars:
Kikubaaqudgha
Uskayaw

Annotations:
D:4 Natasha, Pikel


Innate Abilities, Weirdness & Mutations

You are mostly covered in icy blue scales. (AC +3)
You sometimes gain a little power by taking damage.
Your spells are harder to cast, but more powerful.
You have hidden genetic defects.


Message History

Pikel says, "You'll feel the lick of my whip!"
Pikel hits you with a +1 whip of flaming.
* * * LOW HITPOINT WARNING * * *
Pikel burns you.
* * * LOW HITPOINT WARNING * * *
The lemure hits you but does no damage. The lemure closely misses you.
You feel better. The lemure hits you. Pikel hits you but does no damage.
The lemure closely misses you.
Aiming: Polymorph
Press: ? - help, Shift-Dir - straight line, f - Pikel
Aim: Pikel, wielding a +1 whip of flaming, wearing a +0 robe and carrying a wand of paralysis (7) (lightly wounded, will become a blink frog, a centaur, or a basilisk, chance to affect: 49%)
Okay, then.
You slash Pikel! You freeze Pikel.
Pikel is moderately wounded.
You hit the lemure. You freeze the lemure. You hit the lemure but do no damage.
The lemure hits you. Pikel barely misses you. The lemure barely misses you.
The lemure hits you.
* * * LOW HITPOINT WARNING * * *
The lemure hits you.
* * * LOW HITPOINT WARNING * * *
Pikel hits you with a +1 whip of flaming.
* * * LOW HITPOINT WARNING * * *
Pikel burns you.
* * * LOW HITPOINT WARNING * * *
Aiming: Polymorph
Press: ? - help, Shift-Dir - straight line, f - Pikel
Aim: Pikel, wielding a +1 whip of flaming, wearing a +0 robe and carrying a wand of paralysis (7) (moderately wounded, will become a blink frog, a centaur, or a basilisk, chance to affect: 49%) Pikel evaporates and reforms as a centaur!
Pikel picks up a +1 whip of flaming.
Pikel wields a +1 whip of flaming.
It bursts into flame!
Pikel picks up a +0 robe.
Pikel wears a +0 robe.
The lemure closely misses you. The lemure misses you.
The lemure hits you but does no damage. x2
You hit Pikel but do no damage. You closely miss the lemure.
You hit the lemure but do no damage.
Pikel picks up a wand of paralysis (7).
Natasha, Servant of Life and Death comes into view.
She is carrying a wand of flame (6).
The lemure hits you.
* * * LOW HITPOINT WARNING * * *
The lemure barely misses you. The lemure hits you!
You die...
Kikubaaqudgha rasps: "You have failed me!
Welcome... death!"

#...............# .##.
#..... ..)...........###
. # #..###
.......######.### # #
##.##### #.#.. ## ##.#
#.#.# .. ...# #.#.# # ##
#..# #.#># #.###
#..##########.#5##......
#............55c@...h#
#.###########.#5###..#
#.# ...#.# ... #.#
###.#.. # #5# #..... .>#
#.###.# ### ..# [# ###
.#


You could see 4 lemures, Pikel the centaur and Natasha (wandering).

Vanquished Creatures
  2 hounds (D:4)
  Natasha (D:4)
  An orc wizard (D:4)
  Robin (D:2)
  3 adders
  2 worms
  3 dart slugs
  5 orcs
  4 bats
  7 endoplasms
  4 giant cockroaches
  8 goblins
  8 hobgoblins
  9 jackals
  3 quokkas
  4 ball pythons
  6 frilled lizards
  7 kobolds
  3 rats (D:3)
81 creatures vanquished.

Notes
Turn   | Place    | Note
-------+----------+-------------------------------------------
     0 | D:1      | MachoJfn the Demonspawn Gladiator began the quest for the
                  | Orb.
     0 | D:1      | Reached XP level 1. HP: 16/16 MP: 1/1
   104 | D:1      | Gained mutation: You are partially covered in icy blue
                  | scales. (AC +2) [demonic ancestry]
   104 | D:1      | Reached XP level 2. HP: 20/22 MP: 2/2
   106 | D:1      | Reached skill level 3 in Axes
   476 | D:1      | Gained mutation: You sometimes gain a little power by
                  | taking damage. [demonic ancestry]
   476 | D:1      | Reached XP level 3. HP: 25/27 MP: 3/3
   854 | D:2      | Reached skill level 1 in Armour
   982 | D:2      | Reached XP level 4. HP: 30/34 MP: 4/4
  1080 | D:2      | Noticed Robin
  1095 | D:2      | Killed Robin
  1159 | D:2      | Upgraded the game from 0.30-a0-862-g1aabd4f9c5 to
                  | 0.30-a0-883-g5ad918d77d
  1964 | D:3      | Found an ancient bone altar of Kikubaaqudgha.
  1983 | D:3      | Became a worshipper of Kikubaaqudgha
  2095 | D:3      | Found a hide-covered altar of Uskayaw.
  2461 | D:4      | Gained mutation: You are mostly covered in icy blue scales.
                  | (AC +3) [demonic ancestry]
  2461 | D:4      | Reached XP level 5. HP: 36/39 MP: 5/5
  2482 | D:4      | Reached skill level 4 in Axes
  2609 | D:4      | Noticed a lemure
  2609 | D:4      | Noticed a lemure
  2609 | D:4      | Noticed a lemure
  2609 | D:4      | Noticed a lemure
  2609 | D:4      | Noticed Pikel
  2623 | D:4      | Noticed Natasha
  2630 | D:4      | Killed Natasha
  2633 | D:4      | Paralysed by Pikel for 3 turns
  2636 | D:4      | Gained mutation: You have hidden genetic defects. [potion
                  | of mutation]
  2636 | D:4      | Gained mutation: Your spells are a little harder to cast,
                  | but a little more powerful. [potion of mutation]
  2636 | D:4      | Gained mutation: Your spells are harder to cast, but more
                  | powerful. [potion of mutation]
  2640 | D:4      | Pikel changed into Pikel the centaur
  2640 | D:4      | Noticed Pikel
  2641 | D:4      | Noticed Natasha
  2641 | D:4      | Slain by a lemure

Illustrated notes

Levels and vault maps discovered:
D:1:      lightli_arrival_quake, layout_loops_ring
D:2:      layout_loops_cross, uniq_robin
D:3:      layout_rooms, mainiacjoe_overflow_brackets,
          mainiacjoe_overflow_catch_the_wave, grunt_ministairs_5
D:4:      layout_loops_ring, minmay_temple_entry_butterflies,
          nicolae_wooded_promenade, uniq_natasha, uniq_pikel

Skill      XL: |  1  2  3  4  5 |
---------------+----------------+-----
Axes           | 3 4 |  4.4
Dodging        | 3 |  3.5
Armour         | 1 2 |  2.1
Fighting       | 3 |  3.0
Throwing       | |  1.9
Stealth        | |  0.2

Action                     |  1- 3 |  4- 6 || total
---------------------------+-------+-------++-------
  Melee: War axe           |    98 |   131 ||   229
         Punch             |     1 |     1 ||     2
  Throw: Throwing net      |     1 |       ||     1
         Dart              |       |     3 ||     3
  Evoke: Wand              |       |     1 ||     1
    Use: Scroll            |     6 |     3 ||     9
         Potion            |     3 |     5 ||     8
   Stab: Sleeping          |     1 |       ||     1
 Armour: Leather armour    |    60 |    22 ||    82
         Chain mail        |       |    54 ||    54
  Dodge: Dodged            |   105 |    85 ||   190

Table legend: (Time is in decaauts)
 A = Elapsed time spent in this place.
 B = Non-inter-level travel time spent in this place.
 C = Inter-level travel time spent in this place.
 D = Time resting spent in this place.
 E = Time spent auto-exploring this place.
 F = Levels seen in this place.
 G = Mean time per level.
                   A        B        C        D        E       F      G
               +--------+--------+--------+--------+--------+-----+--------+
         Total |   2728 |   1860 |    868 |    144 |   1072 |   4 |  682.0 |
       Dungeon |   2728 |   1860 |    868 |    144 |   1072 |   4 |  682.0 |
               +--------+--------+--------+--------+--------+-----+--------+

Top non-repeatable levels by time:
     D:2: 910 daAuts
     D:3: 804 daAuts
     D:1: 792 daAuts
     D:4: 220 daAuts
